 Dungeon Crawl Stone Soup version 0.23.2 (webtiles) character file.

Game seed: 15104369256425146917

394 Borgoz the Cutter (level 6, 0/37 HPs)
             Began as a Gargoyle Gladiator on Apr 12, 2019.
             Killed from afar by an orc wizard (8 damage)
             ... with a puff of flame
             ... on level 5 of the Dungeon.
             The game lasted 00:05:36 (3897 turns).

Borgoz the Cutter (Gargoyle Gladiator)              Turns: 3897, Time: 00:05:37

Health: 0/37       AC:  4    Str: 17 (18) XL:     6   Next: 82%
Magic:  6/6        EV: 12    Int:  5 (8)  God:
Gold:   150        SH:  0    Dex: 12 (13) Spells: 5/5 levels left

rFire    . . .     SeeInvis .   k - -1 short sword (curse)
rCold    . . .     Gourm    .   (no shield)
rNeg     + + .     Faith    .   m - +0 ring mail
rPois    ∞         Spirit   .   c - +1 helmet
rElec    +         Reflect  .   (no cloak)
rCorr    .         Harm     .   (no gloves)
MR       .....                  (no boots)
Stlth    +.........             (no amulet)
HPRegen  0.12/turn              r - ring of positive energy
MPRegen  0.10/turn              (no ring)

@: corroded
A: negative energy resistance 1, electricity resistance, unbreathing,
petrification resistance, rot immunity, AC +4
a: no special abilities


You were on level 5 of the Dungeon.
You were not hungry.

You visited 1 branch of the dungeon, and saw 5 of its levels.

You collected 150 gold pieces.

Inventory:

Hand Weapons
 a - a +1 rapier
 k - a cursed -1 short sword (weapon)
Armour
 c - a +1 helmet (worn)
 m - a +0 ring mail (worn)
Jewellery
 r - a ring of positive energy (left hand)
Scrolls
 b - a scroll of fear
 e - a scroll of fog
 g - 4 scrolls of identify
Potions
 i - a potion of brilliance
Comestibles
 f - 9 rations


   Skills:
 + Level 3.5 Fighting
 * Level 4.4 Short Blades
 - Level 1.7 Throwing
 + Level 2.7 Armour
 * Level 4.1 Dodging


You had 5 spell levels left.
You didn't know any spells.
Your spell library was empty.

Dungeon Overview and Level Annotations

Branches:
Dungeon (5/15)
 Temple: D:4-7

Altars:
Nemelex Xobeh
Wu Jian

Annotations:
D:5 Eustachio


Innate Abilities, Weirdness & Mutations

You are resistant to torment.
Your stone body is resilient. (AC +4)
You are immune to poison.
You resist negative energy. (rN+)
You are resistant to electric shocks. (rElec)
You can survive without breathing.
You are immune to petrification.
You are immune to rotting.


Message History

You hit the jelly but do no damage. The acid corrodes you!
Your hands burn!
The jelly is lightly wounded.
You hit the jelly but do no damage.
Your hands burn!
The jelly is lightly wounded.
The jelly hits you but does no damage.
You hit the jelly but do no damage.
Your hands burn!
The jelly is lightly wounded.
The jelly hits you.
You are splashed with acid.
You hit the jelly.
Your hands burn!
The jelly is moderately wounded.
The jelly closely misses you. Something hits you but does no damage.
You hit the jelly but do no damage.
Your hands burn!
The jelly is moderately wounded.
The orc hits you with a +0 hand axe.
* * * LOW HITPOINT WARNING * * *
The jelly closely misses you.
You hear some strange, mumbled words.
A puff of flame appears from out of thin air!
The puff of flame hits you!
You die...

.....#..#####..........
...#...#..##...........
.#...#...#.............
...#...#...#.......o...
.#...#...#...#.........
...#...#...#...#...#
.#...#...#...#..l#
...#...#...#..o#J#
.#...#...#...#.o@##
...#...#...#...#{.# #..
.#...#...#...#....##...
...#...#...#...#.......
.#...#...#...#.........
...#...#...#...#.#)....
.#...#...#...#........
...#...#...#...#..##...
.#...#...#...#..##


You could see a jelly, 2 orcs and a leopard gecko.

Vanquished Creatures
  An ogre (D:5)
  A scorpion (D:4)
  An orc wizard (D:4)
  An iguana (D:5)
  A worker ant (D:4)
  2 hound skeletons
  8 adders
  An ooze (D:2)
  2 worms
  2 dart slugs
  2 leopard geckos
  5 orcs
  7 giant cockroaches
  4 goblins
  8 jackals
  A quokka (D:4)
  10 bats
  5 frilled lizards
  5 kobolds
  11 rats
78 creatures vanquished.

Notes
Turn   | Place    | Note
-------+----------+-------------------------------------------
     0 | D:1      | Borgoz the Gargoyle Gladiator began the quest for the Orb.
     0 | D:1      | Reached XP level 1. HP: 12/12 MP: 1/1
    44 | D:1      | Reached XP level 2. HP: 15/17 MP: 2/2
   285 | D:1      | Reached skill level 1 in Armour
   287 | D:1      | Reached XP level 3. HP: 21/22 MP: 3/3
   842 | D:2      | Reached XP level 4. HP: 27/27 MP: 4/4
  1351 | D:2      | Found an ornate altar of the Wu Jian Council.
  2142 | D:3      | Reached XP level 5. HP: 16/32 MP: 5/5
  2685 | D:4      | Found a sparkling altar of Nemelex Xobeh.
  3352 | D:4      | Reached XP level 6. HP: 25/37 MP: 6/6
  3648 | D:5      | Entered Level 5 of the Dungeon
  3848 | D:5      | Noticed Eustachio
  3897 | D:5      | Killed from afar by an orc wizard

Skill      XL: |  1  2  3  4  5  6 |
---------------+-------------------+-----
Short Blades   | 3 4 |  4.4
Armour         | 1 2 |  2.7
Dodging        | 3 4 |  4.1
Fighting       | 3 |  3.5
Throwing       | |  1.7

Action                   |  1- 3 |  4- 6 || total
-------------------------+-------+-------++-------
Melee: Rapier            |   105 |       ||   105
       Short sword       |       |   325 ||   325
Throw: Throwing net      |       |     5 ||     5
  Use: Scroll            |       |    11 ||    11
       Potion            |       |     4 ||     4
 Stab: Sleeping          |     2 |       ||     2
       Held in net/web   |       |     3 ||     3
  Eat: Chunk             |       |     8 ||     8
       Ration            |       |     1 ||     1
Armor: Leather armour    |    46 |    37 ||    83
       Ring mail         |       |    72 ||    72
Dodge: Dodged            |    75 |   189 ||   264
